 Dungeon Crawl Stone Soup version 0.28.0-53-g5a82cb258f (webtiles) character file.

Game seed: 16508219983338888348

198 DocClef the Magician (level 5, -1/37 HPs)
             Began as a Gnoll Hedge Wizard on July 10, 2022.
             Slain by a kobold brigand
             ... wielding a +0 short sword
              (9 damage)
             ... in a sewer.
             The game lasted 00:07:36 (3987 turns).

DocClef the Magician (Gnoll Hedge Wizard)           Turns: 3987, Time: 00:07:37

Health: -1/37      AC:  5    Str: 10    XL:     5   Next: 77%
Magic:  12/14      EV: 11    Int: 15    God:
Gold:   86         SH:  0    Dex: 11    Spells: 12/18 levels left

rFire   . . .      SeeInvis .   h - +0 short sword
rCold   . . .      Faith    .   (no shield)
rNeg    . . .      Spirit   .   i - +0 ring mail
rPois   .          Reflect  .   c - +0 hat
rElec   .          Harm     .   (no cloak)
rCorr   .          Rampage  .   (no gloves)
Will    .....                   (no boots)
Stlth   ++........              (no amulet)
HPRegen 0.12/turn               (no ring)
MPRegen 0.14/turn               (no ring)

@: no status effects
A: fangs 1, strong nose, distributed training
a: no special abilities


You were in a sewer.
You visited 1 branch of the dungeon, and saw 3 of its levels.
You also visited: Sewer.

You collected 86 gold pieces.

Inventory:

Hand Weapons
 a - a +0 dagger
 g - a +0 flail
 h - a +0 short sword (weapon)
Armour
 b - a +0 robe
 c - a +0 hat (worn)
 f - a +0 chain mail
 i - a +0 ring mail (worn)
Potions
 d - a potion of mutation {unknown}
 j - 2 potions of might {unknown}


   Skills:
 + Level 1.6 Fighting
 + Level 1.6 Short Blades
 + Level 1.6 Long Blades
 + Level 1.6 Axes
 + Level 1.6 Maces & Flails
 + Level 1.6 Polearms
 + Level 1.6 Staves
 + Level 1.6 Slings
 + Level 1.6 Bows
 + Level 1.6 Crossbows
 + Level 1.6 Throwing
 + Level 1.6 Armour
 + Level 4.8 Dodging
 + Level 4.4 Stealth
 + Level 1.6 Shields
 + Level 1.6 Unarmed Combat
 + Level 7.3 Spellcasting
 + Level 2.4 Conjurations
 + Level 1.3 Hexes
 + Level 2.4 Summonings
 + Level 1.3 Necromancy
 + Level 2.4 Translocations
 + Level 1.3 Transmutations
 + Level 1.3 Fire Magic
 + Level 1.3 Ice Magic
 + Level 1.3 Air Magic
 + Level 1.3 Earth Magic
 + Level 1.3 Poison Magic
 + Level 1.8 Invocations
 + Level 1.6 Evocations


You had 12 spell levels left.
You knew the following spells:

 Your Spells              Type           Power      Damage    Failure   Level
a - Magic Dart            Conj           48%        1d5       12%         1
b - Blink                 Tloc           24%        N/A       19%         2
c - Call Imp              Summ           12%        N/A       19%         2
d - Slow                  Hex            36%        N/A       19%         1

Your spell library contained the following spells:

 Spells                   Type           Power      Damage    Failure   Level
 Conjure Flame            Conj/Fire      11%        6-21      41%         3
 Mephitic Cloud           Conj/Pois/Air  10%        N/A       43%         3
 Ignite Poison            Fire/Tmut/Pois 9%         N/A       50%         3
 Tukima's Dance           Hex            9%         N/A       50%         3
 Sticky Flame             Conj/Fire      11%        2d3       83%         4
 Anguish                  Hex/Necr       4%         N/A       88%         4
 Enfeeble                 Hex            4%         N/A       100%        7


Dungeon Overview and Level Annotations

Branches:
Dungeon (3/15)              Sewer (1/1)

Altars:
The Shining One


Innate Abilities, Weirdness & Mutations

You have very sharp teeth.
Your uncanny sense of smell can sniff out nearby items.
Your experience applies equally to all skills.


Message History

You hit the kobold brigand but do no damage.
The kobold brigand is heavily wounded.
The kobold brigand hits you with a +0 short sword.
Your crimson imp hits the kobold brigand.
The kobold brigand hits you with a +0 short sword.
* * * LOW HITPOINT WARNING * * *
You hit the kobold brigand but do no damage.
The kobold brigand is heavily wounded.
Your crimson imp closely misses the kobold brigand.
The kobold brigand hits you with a +0 short sword.
* * * LOW HITPOINT WARNING * * *
You barely miss the kobold brigand.
The kobold brigand is heavily wounded.
Your crimson imp hits the kobold brigand.
The kobold brigand barely misses you.
You feel better.
Your crimson imp hits the kobold brigand.
The kobold brigand hits you with a +0 short sword.
* * * LOW HITPOINT WARNING * * *
You feel better.
Your crimson imp blinks!
The kobold brigand hits you with a +0 short sword.
You hit the kobold brigand.
The kobold brigand is severely wounded.
The kobold brigand hits you with a +0 short sword.
* * * LOW HITPOINT WARNING * * *
You hit the kobold brigand. Your punch misses the kobold brigand.
The kobold brigand is severely wounded.
The kobold brigand completely misses you.
You hit the kobold brigand but do no damage.
The kobold brigand is severely wounded.
The kobold brigand misses you.
You closely miss the kobold brigand. Your bite misses the kobold brigand.
The kobold brigand is severely wounded.
The kobold brigand closely misses you.
You barely miss the kobold brigand. Your punch misses the kobold brigand.
The kobold brigand is severely wounded.
Your crimson imp hits the kobold brigand.
The kobold brigand hits you with a +0 short sword!
You die...

### ##### #∩. ####
##...###### # #
###..###......#### #!.#.
#...............##
#.....#5................
#....K@................
#.....#.≈.≈.≈≈.≈........
#..#. #≈≈≈≈≈≈≈≈..≈.≈....
# # #≈≈≈≈≈≈≈≈≈≈≈.≈≈≈..
#≈≈≈≈≈≈≈≈≈≈≈≈≈≈...
≈≈≈≈≈≈≈≈≈≈≈≈≈≈≈≈≈≈
≈#≈≈≈≈≈≈≈≈≈≈≈≈≈≈≈≈≈
≈≈≈≈≈≈≈≈≈≈


You could see a kobold brigand (ally target) and a friendly crimson imp
(summoned).

Vanquished Creatures
  3 gnolls (D:2)
  3 adders
  2 river rats
  A worm (D:1)
  2 dart slugs (D:2)
  5 ball pythons
  4 endoplasms
  3 giant cockroaches
  11 goblins
  5 hobgoblins
  4 jackals (D:2)
  9 kobolds
  4 quokkas (D:2)
  5 bats
  A frilled lizard (D:1)
  16 rats
78 creatures vanquished.

Vanquished Creatures (collateral kills)
  2 adders (D:2)
  2 river rats (D:3)
  A kobold (D:2)
  A quokka (D:2)
6 creatures vanquished.

Grand Total: 84 creatures vanquished

Notes
Turn   | Place    | Note
-------+----------+-------------------------------------------
     0 | D:1      | DocClef the Gnoll Hedge Wizard began the quest for the Orb.
     0 | D:1      | Reached XP level 1. HP: 13/13 MP: 8/8
   225 | D:1      | Reached XP level 2. HP: 19/19 MP: 8/10
   848 | D:1      | Reached XP level 3. HP: 25/25 MP: 9/11
  1086 | D:1      | Found a faded altar of an unknown god.
  1379 | D:1      | Learned a level 2 spell: Blink
  1382 | D:1      | Learned a level 2 spell: Call Imp
  1384 | D:1      | Learned a level 1 spell: Slow
  1429 | D:2      | HP: 1/25 [poisoned by an adder]
  1433 | D:2      | Reached skill level 1 in Invocations
  1917 | D:2      | Found a glowing golden altar of the Shining One.
  1921 | D:2      | Reached skill level 1 in Fighting
  1921 | D:2      | Reached skill level 1 in Short Blades
  1921 | D:2      | Reached skill level 1 in Long Blades
  1921 | D:2      | Reached skill level 1 in Axes
  1921 | D:2      | Reached skill level 1 in Maces & Flails
  1921 | D:2      | Reached skill level 1 in Polearms
  1921 | D:2      | Reached skill level 1 in Staves
  1921 | D:2      | Reached skill level 1 in Slings
  1921 | D:2      | Reached skill level 1 in Bows
  1921 | D:2      | Reached skill level 1 in Crossbows
  1921 | D:2      | Reached skill level 1 in Throwing
  1921 | D:2      | Reached skill level 1 in Armour
  1921 | D:2      | Reached skill level 1 in Shields
  1921 | D:2      | Reached skill level 1 in Unarmed Combat
  1921 | D:2      | Reached skill level 1 in Evocations
  2133 | D:2      | Reached XP level 4. HP: 32/32 MP: 11/13
  2370 | D:2      | Reached skill level 1 in Hexes
  2370 | D:2      | Reached skill level 1 in Necromancy
  2370 | D:2      | Reached skill level 1 in Transmutations
  2370 | D:2      | Reached skill level 1 in Fire Magic
  2370 | D:2      | Reached skill level 1 in Ice Magic
  2370 | D:2      | Reached skill level 1 in Air Magic
  2370 | D:2      | Reached skill level 1 in Earth Magic
  2370 | D:2      | Reached skill level 1 in Poison Magic
  3095 | D:2      | Reached XP level 5. HP: 31/37 MP: 8/14
  3263 | D:3      | Found a glowing drain.
  3338 | D:3      | HP: 1/37 [adder (2)]
  3504 | Sewer    | Entered a sewer
  3958 | Sewer    | Noticed a kobold brigand
  3987 | Sewer    | Slain by a kobold brigand

Illustrated notes

Levels and vault maps discovered:
D:1:      amcnicky_arrival_single_pillar, layout_basic,
          hellmonk_ecumenical_altar_arch_garden, nicolae_wormholes
D:2:      minmay_diamond_boxcup, layout_rooms, basic_altar
D:3:      layout_loops_ring, gammafunk_temple_overflow_statue,
          portal_sewer_entry_c, uniq_sigmund, uniq_grinder
Sewer:    sewer_minmay_treatment

Skill      XL: |  1  2  3  4 |
---------------+-------------+-----
Conjurations   | 2 |  2.4
Summonings     | 2 |  2.4
Translocations | 2 |  2.4
Invocations    | 1 |  1.8
Fighting       | 1 |  1.6
Short Blades   | 1 |  1.6
Long Blades    | 1 |  1.6
Axes           | 1 |  1.6
Maces & Flails | 1 |  1.6
Polearms       | 1 |  1.6
Staves         | 1 |  1.6
Slings         | 1 |  1.6
Bows           | 1 |  1.6
Crossbows      | 1 |  1.6
Throwing       | 1 |  1.6
Armour         | 1 |  1.6
Shields        | 1 |  1.6
Unarmed Combat | 1 |  1.6
Evocations     | 1 |  1.6
Hexes          | 1 |  1.3
Necromancy     | 1 |  1.3
Transmutations | 1 |  1.3
Fire Magic     | 1 |  1.3
Ice Magic      | 1 |  1.3
Air Magic      | 1 |  1.3
Earth Magic    | 1 |  1.3
Poison Magic   | 1 |  1.3
Dodging        | |  4.8
Stealth        | |  4.4
Spellcasting   | |  7.3

Action                   |  1- 3 |  4- 6 || total
-------------------------+-------+-------++-------
Melee: Dagger            |    30 |     2 ||    32
       Bite              |     1 |    13 ||    14
       Punch             |     1 |     4 ||     5
       Flail             |       |    27 ||    27
       Short sword       |       |   125 ||   125
 Cast: Magic Dart        |    84 |    43 ||   127
       Call Imp          |     1 |    10 ||    11
  Use: Potion            |     2 |     2 ||     4
       Scroll            |       |     1 ||     1
 Stab: Sleeping          |       |     4 ||     4
       Distracted        |       |     1 ||     1
Armor: Robe              |     3 |    16 ||    19
       Ring mail         |       |    26 ||    26
Dodge: Dodged            |    21 |   110 ||   131
